Map: Newkirk Precinct TE (Void)

Players

Fimp

  • Race: Terran Terran
  • Spawn Location: 7:00

Loken - Winner!

  • Race: Protoss Protoss
  • League: Platinum
  • Spawn Location: 5:00

VOD

Have the link to the VOD?

Description

Time

  • Played on: April 12, 2017, 3:30 p.m.
  • Length: 11:47
Show
View Real Time Build Order
Export as new Build Order

Fimp Terran 

Build Orders:  

Get SALT Encoding   

  12  0:01  SCV  
  13  0:13  SCV  
  14  0:19  Supply Depot  
  14  0:26  SCV  
  15  0:41  SCV  
  16  0:43  Barracks  
  16  0:53  SCV  
  17  1:05  SCV  
  17  1:10  Refinery  
  18  1:17  SCV  
  19  1:35  Supply Depot  
  19  1:37  Command Center  
  19  1:43  Orbital Command  
  19  1:48  Marine  
  20  2:06  Bunker  
  20  2:11  Barracks Reactor  
  20  2:13  SCV  
  21  2:18  Refinery  
  21  2:28  SCV  
  22  2:35  Barracks  
  22  2:41  SCV  
  23  2:49  Marine x2  
  25  2:54  Orbital Command  
  25  2:55  SCV  
  26  3:07  Marine x2  
  28  3:13  Factory  
  28  3:14  SCV  
  29  3:27  Engineering Bay  
  29  3:29  Barracks Tech Lab  
  29  3:35  Marine x2  
  29  3:38  SCV x2  
  33  3:54  Marine x2  
  33  3:55  Marauder  
  37  3:57  Missile Turret  
  37  4:00  Missile Turret  
  37  4:08  SCV  
  37  4:09  SCV  
  39  4:13  Factory Tech Lab  
  39  4:18  Starport, Marine  
  39  4:19  Marauder  
  42  4:26  SCV  
  42  4:27  Supply Depot  
  42  4:29  SCV  
  44  4:32  Marine  
  45  4:47  Supply Depot  
  45  4:49  Marauder  
  45  4:52  Supply Depot  
  47  4:54  SCV x2  
  49  5:06  Marine x2  
  51  5:08  Terran Infantry Weapons Level 1  
  51  5:15  Supply Depot  
  51  5:18  SCV x2  
  53  5:24  Starport Reactor  
  53  5:28  Marine x2  
  55  5:29  Marauder  
  55  5:30  Siege Tank  
  60  5:41  Supply Depot  
  60  5:43  SCV x2  
  60  5:48  Refinery  
  62  5:52  Marine, Command Center  
  62  5:53  Marine  
  62  5:54  Marauder  
  66  5:57  SCV x2  
  66  6:02  Medivac x2  
  72  6:05  Siege Tank  
  72  6:09  Missile Turret  
  75  6:11  SCV  
  75  6:12  SCV  
  75  6:17  Marine x2  
  75  6:18  Marauder  
  75  6:35  Marine x2  
  75  6:39  Marine  
  69  6:51  Viking x2  
  69  6:52  Marine  
  69  6:53  Marine  
  72  6:57  Marine  
  69  7:06  SCV x2  
  72  7:09  Orbital Command  
  72  7:13  Marine x2  
  72  7:18  SCV  
  73  7:25  Marine  
  73  7:27  Siege Tank  
  73  7:29  Medivac x2  
  81  7:41  Supply Depot  
  81  7:43  Supply Depot  
  81  7:44  Bunker  
  81  7:53  Stimpack  
  81  7:55  Terran Infantry Armor Level 1  
  81  8:00  Armory  
  81  8:04  SCV  
  81  8:05  SCV x2, Engineering Bay  
  84  8:08  Marine x2  
  84  8:09  Marauder  
  84  8:12  Widow Mine  
  88  8:13  Medivac  
  92  8:32  Marine  
  92  8:33  Marauder, Marine  
  96  8:34  Medivac  
  96  8:40  Supply Depot  
  98  8:45  SCV x3  
  101  8:50  Marine  
  101  8:53  Missile Turret  
  102  8:57  Marine  
  102  8:59  Marauder  
  102  9:00  Siege Tank  
  102  9:02  Viking  
  110  9:09  SCV x2  
  113  9:10  SCV  
  107  9:23  Viking  
  107  9:24  Marine x2  
  107  9:26  Marauder  
  110  9:40  Viking  
  112  9:49  Marine x2  
  114  9:54  Combat Shields  
  114  9:56  Starport  
  114  9:57  Barracks  
  114  9:58  SCV x3  
  117  10:16  Supply Depot  
  117  10:17  Supply Depot  
  117  10:18  Supply Depot  
  117  10:30  Marine  
  117  10:31  Command Center  
  117  10:33  Marine  
  117  10:37  Marauder, Thor  
  117  10:39  Viking  
  127  10:46  Viking  
  129  10:52  Marine x2  
  129  10:54  Barracks Reactor  
  129  10:56  Starport Reactor  
  126  11:20  Barracks  
Show
View Real Time Build Order
Export as new Build Order

Loken Protoss - Winner!

Build Orders: 1 Gate Expand 

Get SALT Encoding   

  12  0:01  Probe (Chrono Boost)  
  13  0:12  Probe (Chrono Boost)  
  14  0:19  Pylon  
  14  0:22  Probe (Chrono Boost)  
  15  0:37  Probe (Chrono Boost)  
  15  0:41  Gateway  
  16  0:48  Probe (Chrono Boost)  
  17  0:58  Probe (Chrono Boost)  
  18  1:15  Nexus  
  18  1:21  Probe (Chrono Boost)  
  19  1:28  Cybernetics Core  
  19  1:31  Assimilator  
  19  1:37  Assimilator  
  19  1:40  Probe (Chrono Boost)  
  20  1:51  Probe (Chrono Boost)  
  21  2:01  Probe (Chrono Boost)  
  22  2:12  Probe (Chrono Boost)  
  23  2:22  Gateway  
  23  2:26  Gateway  
  23  2:28  Mothership Core (Chrono Boost)  
  25  2:30  Pylon  
  25  2:32  Probe (Chrono Boost)  
  25  2:35  Warp Gate  
  26  2:40  Pylon  
  26  2:43  Probe (Chrono Boost)  
  27  2:47  Probe (Chrono Boost)  
  28  2:57  Probe (Chrono Boost)  
  28  2:58  Probe (Chrono Boost)  
  30  3:03  Adept  
  32  3:08  Probe x2 (Chrono Boost)  
  34  3:15  Stargate  
  34  3:21  Probe (Chrono Boost)  
  34  3:23  Adept  
  34  3:24  Adept  
  39  3:29  Probe (Chrono Boost)  
  39  3:32  Probe (Chrono Boost)  
  41  3:40  Probe (Chrono Boost)  
  42  3:43  Probe (Chrono Boost)  
  43  3:53  Probe (Chrono Boost)  
  44  3:57  Adept x2  
  44  4:00  Void Ray  
  52  4:03  Adept  
  52  4:09  Pylon  
  54  4:14  Forge  
  54  4:23  Pylon  
  54  4:27  Probe x2 (Chrono Boost)  
  54  4:29  Gateway  
  56  4:31  Gateway  
  56  4:37  Void Ray  
  56  4:40  Protoss Ground Weapons Level 1  
  61  4:47  Probe x2 (Chrono Boost)  
  61  4:49  Assimilator  
  62  4:54  Assimilator  
  62  4:59  Probe x2 (Chrono Boost)  
  64  5:04  Adept x3  
  70  5:13  Pylon  
  70  5:19  Pylon  
  70  5:38  Fleet Beacon  
  70  5:45  Nexus  
  70  5:49  Adept x4  
  78  6:06  Assimilator  
  78  6:10  Photon Cannon, Assimilator  
  78  6:13  Pylon  
  78  6:15  Pylon  
  52  7:07  Probe (Chrono Boost)  
  53  7:08  Carrier  
  53  7:09  Stalker  
  53  7:10  Stalker x4  
  63  7:17  Probe (Chrono Boost)  
  63  7:18  Probe x2 (Chrono Boost)  
  72  7:28  Probe (Chrono Boost)  
  75  7:30  Probe x2 (Chrono Boost)  
  75  7:39  Stargate, Probe (Chrono Boost)  
  75  7:40  Stargate  
  75  7:42  Probe x2 (Chrono Boost)  
  78  7:49  Probe (Chrono Boost)  
  78  7:51  Adept x5  
  89  8:00  Probe (Chrono Boost)  
  90  8:13  Robotics Facility  
  90  8:17  Carrier x2  
  90  8:20  Graviton Catapult  
  90  8:22  Protoss Air Weapons Level 1  
  102  8:33  Adept x5  
  112  8:58  Pylon  
  112  9:00  Pylon  
  112  9:01  Observer  
  113  9:03  Pylon  
  113  9:04  Adept  
  113  9:05  Adept  
  113  9:06  Pylon  
  114  9:28  Tempest  
  120  9:38  Void Ray x2  
  126  9:40  Stalker x3  
  140  9:50  Twilight Council  
  140  10:09  Nexus  
  140  10:14  Tempest  
  146  10:33  Pylon  
  146  10:34  Pylon  
  146  10:35  Pylon, Void Ray  
  148  10:45  Void Ray  
Tags
 
Add a new tag
Caveats
  • Supply blocks, unpowered buildings, or Contaminate may cause inaccurate times.
  • Supply counts are checked every 10 seconds.